 Dungeon Sprint DCSS version 0.30-a0-859-gf88a04b62d (webtiles) character file.

Game seed: 5711595089911797993

185 rocky1 the Covert (level 5, 0/52 HPs)
             Began as a Naga Brigand on Mar 7, 2023.
             Was an Initiate of Okawaru.
             Slain by a spriggan
             ... wielding a +0 dagger
              (13 damage)
             ... in the Dungeon (Sprint IV: "Fedhas' Mad Dash").
             The game lasted 00:01:53 (416 turns).

rocky1 the Covert (Naga Brigand)                     Turns: 416, Time: 00:01:53

Health: 0/52       AC:  3    Str: 13    XL:     5   Next: 64%
Magic:  6/6        EV:  9    Int: 11    God:    Okawaru [......]
Gold:   46         SH:  0    Dex: 15    Spells: 4/4 levels left

rFire   . . .      SeeInvis +    a - +2 dagger
rCold   . . .      Faith    .    (no shield)
rNeg    . . .      Spirit   .    b - +0 robe
rPois   +          Reflect  .    (no helmet)
rElec   .          Rampage  .    c - +0 cloak
rCorr   .          NoTele   +    (no gloves)
Will    .....                    (no barding)
Stlth   +++++                    l - amulet of invisibility {+Inv}
HPRegen 0.28/turn                (no ring)
MPRegen 0.10/turn                (no ring)

@: very slightly contaminated, invisible, very slow
A: AC +1, large, see invisible, deformed body, poison resistance, slowness 2,
spit poison 1, naga tail 1
a: Spit Poison, Renounce Religion, Evoke Invisibility


You were in the Dungeon.
You worshipped Okawaru.
Okawaru was noncommittal.
You visited 1 branch You collected 46 gold pieces.

Inventory:

Hand Weapons
 a - a +2 dagger (weapon)
Missiles
 d - 9 poisoned darts (quivered)
 e - 3 curare-tipped darts
Armour
 b - a +0 robe (worn)
 c - a +0 cloak (worn)
Jewellery
 l - the amulet of invisibility (around neck) {+Inv}
   (You found it in the Dungeon)

   [amulet of nothing]

   +Inv:      It lets you turn invisible.
Scrolls
 k - a scroll of blinking
 m - a scroll of magic mapping {unknown}
Potions
 f - a potion of curing
 h - a potion of haste
 i - 2 potions of magic
 j - a potion of berserk rage
 n - a potion of might {unknown}


   Skills:
 - Level 5.2 Fighting
 - Level 7.2 Short Blades
 - Level 1.7 Throwing
 - Level 0.7 Dodging
 * Level 12.1 Stealth
 - Level 1.4 Invocations


You had 4 spell levels left.
You didn't know any spells.
Your spell library was empty.

Dungeon Overview and Level Annotations

Branches:
Dungeon (1/1)

Altars:
Cheibriados
Dithmenos
Elyvilon
Gozag
Hepliaklqana
Kikubaaqudgha
Makhleb
Nemelex Xobeh
Okawaru
Qazlal
Ru
Sif Muna
Trog
Uskayaw
Vehumet
Wu Jian
Xom
Yredelemnul
Zin
The Shining One
Jiyva
Lugonu

Shops:
D [


Innate Abilities, Weirdness & Mutations

Your serpentine skin is tough. (AC +1)
You have supernaturally acute eyesight. (SInv)
Armour fits poorly on your strangely shaped body.
Your system is resistant to poisons. (rPois)
You cover ground very slowly.
You can spit poison.
You have a snake-like lower body.


Message History

Unknown command.
You flicker for a moment.
You now have 46 gold pieces (gained 15).
You flicker back into view.
n - a fizzy cyan potion You start waiting.
Your magical contamination has completely faded away.
You fail to use your ability.
You fail to use your ability.
You fail to use your ability.
You fade into invisibility!
You are very lightly contaminated with residual magic.
You open the door. 2 spriggans and a scorpion come into view.
Found 33 gold pieces.
There is an open door here.
The spriggan shouts!
A spriggan opens the door.
The spriggan hits you with a +0 dagger!
Found 16 gold pieces.
Found Koefawku's Armour Shop.
You see here 14 gold pieces.
The spriggan hits you with a +0 dagger!
The spriggan shouts!
You hit the scorpion.
The scorpion is lightly wounded.
The spriggan hits you with a +0 dagger! The spriggan barely misses you.
You see here 14 gold pieces.
The spriggan hits you with a +0 dagger!
* * * LOW HITPOINT WARNING * * *
There is an open door here.
The spriggan attacks as you move away!
The spriggan hits you with a +0 short sword!
* * * LOW HITPOINT WARNING * * *
A scorpion comes into view.
The spriggan completely misses you.
You feel much better.
The spriggan hits you with a +0 short sword!
* * * LOW HITPOINT WARNING * * *
You closely miss the spriggan. The spriggan hits you with a +0 dagger!
You die...

######################
#.⌠._._._._.⌠.#.@i$..#
'.._._._._._..'.i#$s$#
#..._._._._...#..###'#
#.._._._._._..#..# ∩$'
#._._._._._.⌠.####
#### ###############


You could see 2 spriggans and a scorpion (wandering, unable to see you).

Vanquished Creatures
  A scorpion (D)
  3 oklob saplings (D)
  A river rat (D)
  A rat (D)
6 creatures vanquished.

Vanquished Creatures (others)
  A fungus (D)
1 creature vanquished.

Grand Total: 7 creatures vanquished

Notes
Turn   | Place    | Note
-------+----------+-------------------------------------------
     0 | D        | rocky1 the Naga Brigand began the quest for the Orb.
     0 | D        | Reached XP level 1. HP: 19/19 MP: 1/1
    11 | D        | Reached skill level 6 in Stealth
    14 | D        | Reached skill level 7 in Stealth
    14 | D        | Reached XP level 2. HP: 25/27 MP: 2/2
   323 | D        | Noticed an oklob sapling
   325 | D        | Killed an oklob sapling
   326 | D        | Reached skill level 8 in Stealth
   326 | D        | Reached XP level 3. HP: 34/34 MP: 3/3
   328 | D        | Noticed a scorpion
   328 | D        | Found the amulet of invisibility {+Inv}
   330 | D        | Killed a scorpion
   331 | D        | Reached skill level 5 in Short Blades
   331 | D        | Reached skill level 10 in Stealth
   331 | D        | Reached XP level 4. HP: 44/44 MP: 4/4
   351 | D        | Found an opulent altar of Gozag.
   351 | D        | Found a hazy altar of Hepliaklqana.
   351 | D        | Found a burning altar of Makhleb.
   351 | D        | Found a sparkling altar of Nemelex Xobeh.
   351 | D        | Found a snail-covered altar of Cheibriados.
   351 | D        | Found a sacrificial altar of Ru.
   351 | D        | Found a shimmering blue altar of Sif Muna.
   351 | D        | Found a shimmering altar of Xom.
   351 | D        | Found a basalt altar of Yredelemnul.
   352 | D        | Found a viscous altar of Jiyva.
   352 | D        | Found a bloodstained altar of Trog.
   352 | D        | Found an ornate altar of the Wu Jian Council.
   352 | D        | Noticed an oklob sapling priest
   353 | D        | Found an iron altar of Okawaru.
   353 | D        | Found a shadowy altar of Dithmenos.
   353 | D        | Found a glowing silver altar of Zin.
   354 | D        | Found an ancient bone altar of Kikubaaqudgha.
   354 | D        | Found a hide-covered altar of Uskayaw.
   355 | D        | Found a stormy altar of Qazlal.
   355 | D        | Found a white marble altar of Elyvilon.
   355 | D        | Found a glowing golden altar of the Shining One.
   356 | D        | Found a corrupted altar of Lugonu.
   356 | D        | Found a radiant altar of Vehumet.
   359 | D        | Killed an oklob sapling priest
   360 | D        | Reached skill level 11 in Stealth
   360 | D        | Reached XP level 5. HP: 51/51 MP: 5/5
   365 | D        | Became a worshipper of Warmaster Okawaru
   381 | D        | Reached skill level 5 in Fighting
   381 | D        | Reached skill level 12 in Stealth
   381 | D        | Reached skill level 1 in Invocations
   409 | D        | Found Koefawku's Armour Shop.
   416 | D        | Slain by a spriggan

Illustrated notes

Levels and vault maps discovered:
D:        dungeon_sprint_fedhas [sprint_temple]

Skill      XL: |  1  2  3  4  5 |
---------------+----------------+-----
Stealth        | 7 8 10 11 12 | 12.1
Short Blades   | 3 4 5 6 7 |  7.2
Fighting       | 3 4 5 |  5.2
Invocations    | 1 |  1.4
Throwing       | |  1.7
Dodging        | |  0.7

Action                     |  1- 3 |  4- 6 || total
---------------------------+-------+-------++-------
  Melee: Dagger            |     7 |     8 ||    15
Ability: Evoke Invisibilit |       |     3 ||     3
    Use: Potion            |       |     1 ||     1
   Stab: Sleeping          |     3 |     1 ||     4
         Invisible         |       |     1 ||     1
  Dodge: Dodged            |     1 |     2 ||     3

Table legend: (Time is in decaauts)
 A = Elapsed time spent in this place.
 B = Non-inter-level travel time spent in this place.
 C = Inter-level travel time spent in this place.
 D = Time resting spent in this place.
 E = Time spent auto-exploring this place.
 F = Levels seen in this place.
 G = Mean time per level.
                   A        B        C        D        E       F      G
               +--------+--------+--------+--------+--------+-----+--------+
         Total |    435 |    435 |      0 |    319 |      0 |   1 |  435.0 |
       Dungeon |    435 |    435 |      0 |    319 |      0 |   1 |  435.0 |
               +--------+--------+--------+--------+--------+-----+--------+

Top non-repeatable levels by time:
       D: 435 daAuts
